 Dungeon Crawl Stone Soup version 0.24.0-37-gcf1ca852f1 (webtiles) character file.

Game seed: 14445088966985977572, levelgen mode: deterministic

23 grindst0ne the Shooter (level 2, 0/23 HPs)
             Began as a Gnoll Wanderer on Dec 2, 2019.
             Slain by a kobold (3 damage)
             ... on level 1 of the Dungeon.
             The game lasted 00:01:08 (97 turns).

grindst0ne the Shooter (Gnoll Wanderer)               Turns: 97, Time: 00:01:08

Health: 0/23       AC:  2    Str: 12    XL:     2   Next: 95%
Magic:  7/7        EV: 11    Int: 15    God:
Gold:   0          SH:  0    Dex: 15    Spells: 10/10 levels left

rFire    . . .     SeeInvis .   g - +0 club
rCold    . . .     Gourm    .   (no shield)
rNeg     . . .     Faith    .   e - +0 robe
rPois    .         Spirit   .   (no helmet)
rElec    .         Reflect  .   (no cloak)
rCorr    .         Harm     .   (no gloves)
MR       .....                  (no boots)
Stlth    ++........             (no amulet)
HPRegen  0.07/turn              (no ring)
MPRegen  0.10/turn              (no ring)

@: no status effects
A: distributed training, fangs 1, strong nose
a: no special abilities


You were on level 1 of the Dungeon.
You were not hungry.

You visited 1 branch of the dungeon, and saw 1 of its levels.

Inventory:

Hand Weapons
 a - a +2 shortbow
 g - a +0 club (weapon)
Missiles
 b - an arrow
Armour
 e - a +0 robe (worn)
Scrolls
 c - a scroll of noise {unknown}
Comestibles
 f - 2 rations


   Skills:
 + Level 2.5 Fighting
 + Level 0.5 Short Blades
 + Level 0.5 Long Blades
 + Level 0.5 Axes
 + Level 0.5 Maces & Flails
 + Level 0.5 Polearms
 + Level 0.5 Staves
 + Level 0.5 Slings
 + Level 6.5 Bows
 + Level 0.5 Crossbows
 + Level 0.5 Throwing
 + Level 2.5 Armour
 + Level 0.5 Dodging
 + Level 2.3 Stealth
 + Level 0.5 Shields
 + Level 0.5 Unarmed Combat
 + Level 4.9 Spellcasting
 + Level 0.4 Conjurations
 + Level 0.4 Hexes
 + Level 0.4 Charms
 + Level 0.4 Summonings
 + Level 0.4 Necromancy
 + Level 0.4 Translocations
 + Level 0.4 Transmutations
 + Level 0.4 Fire Magic
 + Level 0.4 Ice Magic
 + Level 0.4 Air Magic
 + Level 2.0 Earth Magic
 + Level 0.4 Poison Magic
 + Level 0.7 Invocations
 + Level 2.5 Evocations


You had 10 spell levels left.
You didn't know any spells.
Your spell library contained the following spells:

 Spells                   Type           Power        Failure   Level  Hunger
 Poisonous Vapours        Pois/Air       #.....       22%         2    ##.....
 Swiftness                Chrm/Air       #.......     22%         2    ##.....


Dungeon Overview and Level Annotations

Branches:
Dungeon (1/15)

Altars:


Innate Abilities, Weirdness & Mutations

Your experience applies equally to all skills.
You have very sharp teeth.
Your uncanny sense of smell can sniff out nearby items.


Message History

The bat hits you but does no damage. The bat barely misses you.
The kobold hits you.
* * * LOW HITPOINT WARNING * * *
The bat hits you.
* * * LOW HITPOINT WARNING * * *
The bat hits you.
* * * LOW HITPOINT WARNING * * *
The bat hits you but does no damage. The bat hits you but does no damage.
The bat barely misses you. The bat closely misses you.
The bat hits you but does no damage. The bat closely misses you.
Things that are here:
an arrow; a +0 club
b - an arrow The bat hits you but does no damage.
The bat closely misses you. The bat hits you but does no damage.
The bat barely misses you. The bat barely misses you. The bat hits you.
* * * LOW HITPOINT WARNING * * *
The kobold hits you.
You die...

................
.......#.#.......
..................
.........#.#.#....
.....(.......(...∆
.....(..#.#..#.#. .
........(........ ..
........)(#.### #.#
......).(((@b.#....
#.....#..#K#b.#.#.#(.
##..###....)...(..(..
....###.#..#.#.#..#.#
##.##.....#............
... ........#.#..#.#.#.
♣.♣ ♣##..#.........# #
♣⌠♣ #.....#.#.####
♣♣♣♣.♣♣♣♣♣.........#


You could see 2 bats and a kobold.

Vanquished Creatures
  A gnoll (D:1)
  A leopard gecko (D:1)
  5 goblins (D:1)
  2 hobgoblins (D:1)
  A rat (D:1)
10 creatures vanquished.

Notes
Turn   | Place    | Note
-------+----------+-------------------------------------------
     0 | D:1      | grindst0ne the Gnoll Wanderer began the quest for the Orb.
     0 | D:1      | grindst0ne set off with the following items: a +2 shortbow,
                  | 22 arrows, a potion of curing, a +0 robe, a ration; and the
                  | following spells available to memorise: Poisonous Vapours,
                  | Swiftness
     0 | D:1      | Reached XP level 1. HP: 17/17 MP: 6/6
    32 | D:1      | Reached XP level 2. HP: 23/23 MP: 7/7
    85 | D:1      | HP: 1/23 [kobold (3)]
    97 | D:1      | Slain by a kobold

Levels and vault maps discovered:
D:1:      scummos_arrival_forest, layout_rooms, hangedman_decor_points

Skill      XL: |  1 |
---------------+----+-----
Earth Magic    | 2 |  2.0
Fighting       | |  2.5
Short Blades   | |  0.5
Long Blades    | |  0.5
Axes           | |  0.5
Maces & Flails | |  0.5
Polearms       | |  0.5
Staves         | |  0.5
Slings         | |  0.5
Bows           | |  6.5
Crossbows      | |  0.5
Throwing       | |  0.5
Armour         | |  2.5
Dodging        | |  0.5
Stealth        | |  2.3
Shields        | |  0.5
Unarmed Combat | |  0.5
Spellcasting   | |  4.9
Conjurations   | |  0.4
Hexes          | |  0.4
Charms         | |  0.4
Summonings     | |  0.4
Necromancy     | |  0.4
Translocations | |  0.4
Transmutations | |  0.4
Fire Magic     | |  0.4
Ice Magic      | |  0.4
Air Magic      | |  0.4
Poison Magic   | |  0.4
Invocations    | |  0.7
Evocations     | |  2.5

Action                   || total
-------------------------++-------
Melee: Club              ||    21
       Bite              ||     3
 Fire: Shortbow          ||    24
  Use: Potion            ||     1
Armor: Robe              ||    31
Dodge: Dodged            ||    50
